 Dungeon Crawl Stone Soup version 0.28-a0-662-g1651b1f1e0 (webtiles) character file.

Game seed: 16068627431560126926

345 kae the Agent of Entropy (level 6, 0/48 HPs)
             Began as a Demonspawn Abyssal Knight on Oct 14, 2021.
             Was a Priest of Lugonu.
             Slain by Pikel (5 damage)
             ... on level 3 of the Dungeon.
             The game lasted 00:04:29 (4944 turns).

kae the Agent of Entropy (DsAK)                     Turns: 4944, Time: 00:04:30

Health: 0/48       AC:  4    Str: 21    XL:     6   Next: 32%
Magic:  9/9        EV: 11    Int: 12    God:    Lugonu [***...]
Gold:   142        SH:  4    Dex: 13    Spells: 5/5 levels left

rFire   . . .      SeeInvis .   a - +2 mace
rCold   . . .      Faith    .   f - +0 buckler
rNeg    . . .      Spirit   .   b - +1 leather armour
rPois   .          Reflect  .   (no helmet)
rElec   .          Harm     .   (no cloak)
rCorr   .          Rampage  .   (no gloves)
Will    .....                   (no boots)
Stlth   +.........              (no amulet)
HPRegen 0.16/turn               i - +6 ring of strength
MPRegen 0.11/turn               (no ring)

@: attractive
A: claws 1, hooves 1, spiny 1, weakness stinger 1
a: Renounce Religion, Depart the Abyss, Bend Space, Banish


You were on level 3 of the Dungeon.
You worshipped Lugonu.
Lugonu was most pleased with you.
You visited 1 branch of the dungeon, and saw 4 of its levels.
You visited the Abyss 1 time.

You collected 142 gold pieces.

Inventory:

Hand Weapons
 a - a +2 mace (weapon)
Armour
 b - a +1 leather armour (worn)
 f - a +0 buckler (worn)
Jewellery
 i - a +6 ring of strength (left claw)
 n - a +4 ring of protection
Wands
 r - a wand of iceblast (6)
Scrolls
 e - a scroll of amnesia
Potions
 d - 2 potions of curing
 g - a potion of resistance
 j - a potion of might
 q - 2 potions of brilliance


   Skills:
 + Level 4.2 Fighting
 * Level 4.2 Maces & Flails
 - Level 1.7 Armour
 - Level 0.8 Dodging
 + Level 1.9 Shields
 + Level 4.4 Invocations


You had 5 spell levels left.
You didn't know any spells.
Your spell library was empty.

Dungeon Overview and Level Annotations

Branches:
Dungeon (4/15)
 Temple: D:4-7

Altars:
Zin

Annotations:
D:2 Grinder
D:3 Pikel
D:4 Edmund


Innate Abilities, Weirdness & Mutations

You have sharp fingernails.
You have large cloven feet.
You are partially covered in sharp spines.
You have a small tail.


Message History

Pikel shouts!
The goblin shouts!
You hear a shout!
Edmund the Younger comes into view.
He is wielding a +0 dire flail of protection.
You hit the goblin.
You kill the goblin!
Lugonu accepts your kill.
You see here a +0 club.
Edmund says, "Everyone always remembers my brother. 'Who's Edmund?' they ask!"
You closely miss the lemure. Your kick misses the lemure.
The lemure barely misses you. Pikel waves his whip at you. The lemure hits you.
There is a stone staircase leading up here.
Pikel is struck by your spines. Pikel misses you.
You climb upwards.
There is a stone staircase leading down here.
You hit Pikel. Your kick misses Pikel.
Pikel is lightly wounded.
Pikel closely misses you.
You closely miss Pikel. You kick Pikel.
Pikel is moderately wounded.
Pikel is struck by your spines.
Pikel hits you with a +1 whip of freezing!
Pikel freezes you.
Pikel hits you with a +1 whip of freezing!
Pikel freezes you.
You barely miss Pikel.
Your tail-slap misses Pikel.
Pikel is moderately wounded.
Pikel hits you with a +1 whip of freezing.
Pikel freezes you.
You hit Pikel. You kick Pikel, but do no damage.
Pikel is moderately wounded.
Pikel hits you with a +1 whip of freezing.
Pikel freezes you.
It was a potion of attraction.
You feel attractive to monsters. Pikel is struck by your spines.
Pikel hits you with a +1 whip of freezing!
* * * LOW HITPOINT WARNING * * *
Pikel freezes you.
You die...

##.##
#...........#.#. ###
######.......#.......
#...........|#.#.#...
#.##.#..#............
#.##>#..#........#..)
#.#..#.........#.####
#.#.###.##.......# #
#.#K###.........## #
#...@...###.....# #
#####.### #.....# #
#.# #.....# # #.#
#.....# #.# #######
#.# #)##### ######
#..)..#### #.....
###)).)..# #.####


You could see Pikel.

Vanquished Creatures
  A phantom (D:4)
  A lemure (D:3)
  2 hounds
  Robin (D:3)
  4 gnolls
  6 adders
  2 adder skeletons (D:4)
  A worm (D:2)
  3 dart slugs
  An orc (D:4)
  3 endoplasms
  2 giant cockroaches (D:1)
  15 goblins
  8 hobgoblins
  7 kobolds
  6 quokkas
  13 ball pythons
  7 bats
  5 frilled lizards
  13 rats
101 creatures vanquished.

Notes
Turn   | Place    | Note
-------+----------+-------------------------------------------
     0 | Abyss:1  | kae the Demonspawn Abyssal Knight began the quest for the
                  | Orb.
     0 | Abyss:1  | Reached XP level 1. HP: 18/18 MP: 2/2
     0 | Abyss:1  | Found a corrupted altar of Lugonu.
    91 | Abyss:1  | Noticed a blizzard demon
   109 | Abyss:1  | Noticed a profane servitor
   110 | D:1      | Escaped the Abyss
   346 | D:1      | Reached * piety under Lugonu
   490 | D:1      | Gained mutation: You are partially covered in sharp spines.
                  | [demonic ancestry]
   490 | D:1      | Reached XP level 2. HP: 24/24 MP: 4/4
  1584 | D:2      | Reached XP level 3. HP: 26/29 MP: 5/5
  1924 | D:2      | Reached ** piety under Lugonu
  2314 | D:2      | Discovered your monstrous ancestry.
  2314 | D:2      | Gained mutation: You have a small tail. [demonic ancestry]
  2314 | D:2      | Reached XP level 4. HP: 35/35 MP: 6/6
  3152 | D:3      | Reached skill level 1 in Shields
  3546 | D:3      | Noticed Robin
  3550 | D:3      | Killed Robin
  3552 | D:3      | Gained mutation: You have large cloven feet. [demonic
                  | ancestry]
  3552 | D:3      | Reached XP level 5. HP: 33/42 MP: 7/7
  3870 | D:4      | Noticed Pikel
  3870 | D:4      | Noticed a lemure
  3870 | D:4      | Noticed a lemure
  3870 | D:4      | Noticed a lemure
  3871 | D:4      | Noticed a lemure
  3874 | D:4      | Noticed a phantom
  3881 | D:3      | Killed a lemure
  4059 | D:3      | Reached *** piety under Lugonu
  4252 | D:4      | Noticed Grinder
  4482 | D:4      | Gained mutation: You have sharp fingernails. [demonic
                  | ancestry]
  4482 | D:4      | Reached XP level 6. HP: 30/48 MP: 9/9
  4581 | D:2      | Paralysed by Grinder for 4 turns
  4920 | D:4      | Noticed Edmund
  4944 | D:3      | Slain by Pikel

Illustrated notes

Levels and vault maps discovered:
D:1:      dpeg_arrival_ternary, layout_basic
D:2:      minmay_inner_zag, layout_basic, basic_altar, kennysheep_boxes
D:3:      layout_loops_cross, zin_statuary, minmay_snake_closets, uniq_robin
D:4:      layout_cave_pools, uniq_pikel, uniq_edmund, uniq_grinder,
          uniq_crazy_yiuf_cottage

Skill      XL: |  1  2  3  4  5 |
---------------+----------------+-----
Maces & Flails | 2 3 4 |  4.2
Invocations    | 3 4 |  4.4
Shields        | 1 |  1.9
Fighting       | 4 |  4.2
Armour         | |  1.7
Dodging        | |  0.8

Action                   |  1- 3 |  4- 6 || total
-------------------------+-------+-------++-------
Melee: Mace              |    82 |   104 ||   186
       Tailslap          |       |    12 ||    12
       Kick              |       |    24 ||    24
Invok: Depart the Abyss  |     1 |       ||     1
  Use: Scroll            |     7 |     5 ||    12
       Potion            |       |     4 ||     4
 Stab: Sleeping          |     1 |       ||     1
Armor: Leather armour    |    18 |    28 ||    46
Dodge: Dodged            |    42 |    50 ||    92
Block: Buckler           |     6 |    18 ||    24

Table legend: (Time is in decaauts)
 A = Elapsed time spent in this place.
 B = Non-inter-level travel time spent in this place.
 C = Inter-level travel time spent in this place.
 D = Time resting spent in this place.
 E = Time spent auto-exploring this place.
 F = Levels seen in this place.
 G = Mean time per level.
                   A        B        C        D        E       F      G
               +--------+--------+--------+--------+--------+-----+--------+
         Total |   4992 |   4825 |    167 |    840 |   3272 |   5 |  998.4 |
       Dungeon |   4882 |   4715 |    167 |    840 |   3185 |   4 | 1220.5 |
         Abyss |    110 |    110 |      0 |      0 |     87 |   1 |  110.0 |
               +--------+--------+--------+--------+--------+-----+--------+

Top non-repeatable levels by time:
     D:3: 1782 daAuts
     D:1: 1454 daAuts
     D:2: 1350 daAuts
     D:4: 294 daAuts
 Abyss:1: 110 daAuts
